 Dungeon Crawl Stone Soup version 0.29.1-1-gd02db6906a (webtiles) character file.

Game seed: 14181690545179406902

260842 EvilAshe the Warrior (level 20, -1/156 (170) HPs)
             Began as a Human Fighter on Sept 24, 2022.
             Was a High Priest of Okawaru.
             Killed from afar by a starcursed mass (16 damage)
             ... with an accursed screaming
             ... on level 2 of the Abyss.
             The game lasted 02:32:48 (61867 turns).

EvilAshe the Warrior (Human Fighter)               Turns: 61867, Time: 02:32:49

HP:   -1/156 (170)  AC: 42    Str: 24      XL:     20   Next: 75%
MP:   23/23         EV:  3    Int: 13 (14) God:    Okawaru [*****.]
Gold: 447           SH: 21    Dex: 13      Spells: 16/19 levels left

rFire   + . .      SeeInvis .   a - +3 demon blade (vamp)
rCold   + + .      Faith    .   T - +0 tower shield
rNeg    . . .      Spirit   .   F - +5 gold dragon scales
rPois   +          Reflect  +   W - +2 helmet {Int+3}
rElec   .          Harm     .   L - scarf {+Inv}
rCorr   .          Rampage  +   Q - +2 pair of gloves {Str+3}
Will    +....                   s - +2 pair of boots {rampage}
Stlth   ..........              V - amulet of Edwarchoh {Reflect rC+ SH+5}
HPRegen 0.36/turn               y - +4 ring of slaying
MPRegen 0.18/turn               q - +4 ring of protection

@: about to teleport, drained
A: [low MP 2], [weak 1], [no potion heal 2]
}: 2/15 runes: serpentine, barnacled
a: Renounce Religion, Evoke Invisibility, Heroism, Finesse, Duel


You were on level 2 of the Abyss.
You worshipped Okawaru.
Okawaru was extremely pleased with you.
You visited 6 branches of the dungeon, and saw 31 of its levels.
You visited the Abyss 1 time.
You also visited: Volcano.

You collected 2771 gold pieces.
You spent 2324 gold pieces at shops.

Inventory:

Hand Weapons
 a - a +3 vampiric demon blade (weapon)
 b - a +6 scimitar of flaming
 h - the +8 great sword of the Destroying Owl {speed, rCorr Str+6}
   (Okawaru gifted it to you on level 2 of the Abyss)

   Attacks with this weapon are significantly faster.
   Str:       It affects your strength (+6).
   rCorr:     It protects you from acid and corrosion.
 Z - a +4 double sword of electrocution
Missiles
 e - 16 poisoned darts (quivered)
 i - 7 curare-tipped darts
 t - 2 atropa-tipped darts
 O - 6 silver javelins
 U - 4 throwing nets
 Y - 5 javelins
Armour
 m - a scarf of repulsion
 s - a +2 pair of boots of rampaging (worn)
 F - +5 gold dragon scales (worn)
 J - a +0 kite shield of reflection
 L - a scarf of invisibility (worn)
 Q - a +2 pair of gloves of strength (worn)
 T - a +0 tower shield (worn)
 W - a +2 helmet of intelligence (worn)
Jewellery
 q - a +4 ring of protection (right hand)
 y - a +4 ring of slaying (left hand)
 M - a ring of protection from fire
 S - a ring of protection from cold
 V - the amulet of Edwarchoh (around neck) {Reflect rC+ SH+5}
   (You bought it in a shop on level 15 of the Dungeon)

   [amulet of reflection]

   It reflects blocked missile attacks.
   rC:        It protects you from cold.
   SH:        It affects your SH (+5).
Wands
 l - a wand of quicksilver (18)
 u - a wand of mindburst (20)
 x - a wand of flame (44)
 B - a wand of roots (8)
 P - a wand of digging (5)
Scrolls
 d - 3 scrolls of fear
 j - 4 scrolls of blinking
 o - 12 scrolls of teleportation
 p - 2 scrolls of magic mapping
 r - 3 scrolls of fog
 A - 3 scrolls of silence
 E - 4 scrolls of poison
 I - 2 scrolls of immolation
 N - 5 scrolls of amnesia
Potions
 c - 2 potions of might
 f - 10 potions of mutation
 g - 4 potions of brilliance
 k - 4 potions of curing
 n - 2 potions of invisibility
 w - 4 potions of flight
 z - 3 potions of resistance
 C - 4 potions of magic
 D - 4 potions of haste
 H - 2 potions of cancellation
 R - 2 potions of ambrosia
Miscellaneous
 G - a phantom mirror


   Skills:
 + Level 17.9 Fighting
 - Level 14.0 Long Blades
 + Level 17.7 Armour
 + Level 11.0 Shields
 + Level 12.6 Air Magic
 - Level 11.8 Invocations
 - Level 9.6 Evocations


You had 16 spell levels left.
You knew the following spells:

 Your Spells              Type           Power      Damage    Failure   Level
a - Swiftness             Air            32%        N/A       54%         3

Your spell library contained the following spells:

 Spells                   Type           Power      Damage    Failure   Level
 Airstrike                Air            16%        2d(3-19)  91%         4
 Shock                    Conj/Air       64%        1d7       96%         1
 Static Discharge         Conj/Air       16%        3-5/arc   99%         2
 Apportation              Tloc           0%         N/A       100%        1
 Necrotise                Necr           0%         1d4       100%        1
 Blink                    Tloc           0%         N/A       100%        2
 Ensorcelled Hibernation  Hex/Ice        0%         N/A       100%        2
 Scorch                   Fire           0%         2d5       100%        2
 Frozen Ramparts          Ice            0%         1d1       100%        3
 Lesser Beckoning         Tloc           0%         N/A       100%        3
 Spider Form              Tmut/Pois      0%         N/A       100%        3
 Vampiric Draining        Necr           0%         2d6       100%        3
 Anguish                  Hex/Necr       0%         N/A       100%        4
 Corpse Rot               Necr/Pois/Air  10%        N/A       100%        4
 Dispel Undead            Necr           0%         3d6       100%        4
 Flame Wave               Conj/Fire      0%         2d4       100%        4
 Ice Form                 Ice/Tmut       0%         N/A       100%        4
 Sticky Flame             Conj/Fire      0%         2d3       100%        4
 Agony                    Necr           0%         N/A       100%        5
 Alistair's Intoxication  Tmut/Pois      0%         N/A       100%        5
 Lightning Bolt           Conj/Air       8%         1d20      100%        5
 Manifold Assault         Tloc           0%         N/A       100%        5
 Orb of Destruction       Conj           0%         9d5       100%        7
 Summon Guardian Golem    Hex/Summ       Unusable   N/A       N/A         3
 Summon Ice Beast         Ice/Summ       Unusable   N/A       N/A         4
 Summon Lightning Spire   Summ/Air       Unusable   N/A       N/A         4
 Death Channel            Necr           Unusable   N/A       N/A         6
 Summon Cactus Giant      Summ           Unusable   N/A       N/A         6
 Spellforged Servitor     Conj/Summ      Unusable   N/A       N/A         7

Dungeon Overview and Level Annotations

Branches:
Dungeon (15/15)            Temple (1/1) D:6            Lair (5/5) D:9
 Shoals (4/4) Lair:3        Snake (4/4) Lair:2        Slime (0/5) Lair:5
    Orc (0/2) D:10         Vaults (2/5) D:13         Depths (0/4) D:15
Volcano (visited)
  Crypt: Vaults:2-3

Altars:
Ashenzari
Cheibriados
Elyvilon
Gozag
Makhleb
Nemelex Xobeh
Okawaru
Trog
Uskayaw
Vehumet
Wu Jian
Xom
Yredelemnul
The Shining One
Jiyva

Shops:
D:1 *   D:2 *   D:15 *:=*   Shoals:3 (*[*   Shoals:4 **   Snake:1 (
Snake:2 (:   Snake:3 ::=   Snake:4 (   Vaults:1 (([([   Vaults:2 =:

Annotations:
Lair:1 3 runed translucent doors, mtoz's ghost, journeyman DECj; windycow's ghost, journeyman TrBe
Lair:2 1 runed translucent door, dunno567's ghost, journeyman MeCj
Lair:4 exclusion: oklob plant


Innate Abilities, Weirdness & Mutations

[Your magical capacity is very low. (-20% MP)]
[You are weak. (Str -2)]
[Potions cannot restore your health.]


Message History

The starcursed mass attacks as you move away!
You block the starcursed mass's attack.
A starcursed mass splits. x2
A cacophony of accursed wailing tears at your sanity!
* * * LOW HITPOINT WARNING * * *
You shrug off the repeated paralysis!
The starcursed mass attacks as you move away!
You block the starcursed mass's attack.
A smoke demon comes into view.
A starcursed mass splits.
A cacophony of accursed wailing tears at your sanity!
* * * LOW HITPOINT WARNING * * *
You suddenly lose the ability to move!
A starcursed mass splits.
The starcursed mass touches you but does no damage.
You can move again.
You slash the starcursed mass!
You destroy the starcursed mass!
Okawaru accepts your kill.
The starcursed mass touches you but does no damage.
You completely miss the starcursed mass.
The starcursed mass is moderately damaged.
A cacophony of accursed wailing tears at your sanity!
* * * LOW HITPOINT WARNING * * *
You shrug off the repeated paralysis!
You block the starcursed mass's attack.
Okay, then.
Press: ? - help, v - describe, . - travel
Here: a starcursed mass (moderately damaged)
The floor.
You have no ailments to cure.
You have no ailments to cure.
Okay, then.
You slash the starcursed mass!
The starcursed mass is severely damaged.
The starcursed mass shudders and is absorbed by its neighbour.
You block the starcursed mass's attack.
You hit the starcursed mass.
The starcursed mass is heavily damaged.
The starcursed mass shudders and is absorbed by its neighbour.
You block the starcursed mass's attack.
A deafening chorus of shrieks assaults your mind!
You die...

. ..... ....... ..
......... ....
.... #..
#..##..##..##..##
.
#..##..##..##..##.
# # ......
........#.
..........XX..# #
##3.##..##..###
#..##..##XX##..#
.......@XXX......
#.......XX..... .#
#..##..##..##.. ##
# #.. #..# ..#
.... ..... ...
..... ....## ##
..##.. #..## ..
#.. .##


You could see 7 starcursed masses and a smoke demon.

Vanquished Creatures
  Vashnia (Snake:4)
  Nikola (Snake:2)
  Rupert (D:12)
  2 tentacled starspawn (Abyss:2)
  Polyphemus (Shoals:4)
  Kirke (D:11)
  Frances (D:13)
  Agnes (D:15)
  Ilsuiw (Shoals:3)
  3 vault wardens
  Aizul (Snake:2)
  The ghost of Aryth the Brawler, a journeyman TrGl of Hepliaklqana (D:12)
  4 ironbound preservers
  A stone giant (Volcano)
  An entropy weaver (Vaults:2)
  An ironbound thunderhulk (D:13)
  A green death (Abyss:2)
  Snorg (Lair:3)
  2 ettins
  4 merfolk javelineers
  An eidolon (Abyss:2)
  2 yaktaur captains
  5 boulder beetles
  4 merfolk impalers
  8 hydras
  2 salamander tyrants
  A great orb of eyes (D:13)
  4 centaur warriors
  Erica (Lair:2)
  6 merfolk avatars
  An ogre mage (D:10)
  3 catoblepae
  An ironbound frostheart (Vaults:1)
  17 naga warriors
  5 vault guards
  9 anacondas
  3 merfolk aquamancers
  2 death knights (Vaults:2)
  An alligator snapping turtle (Shoals:4)
  4 satyrs
  2 tengu warriors (D:15)
  2 death yaks (Shoals:3)
  3 shock serpents
  A thrashing horror (Abyss:2)
  13 naga sharpshooters
  A hell knight (Abyss:2)
  Nergalle (Arena)
  Sonja (D:13)
  A wretched star (Abyss:2)
  A salamander mystic (Snake:4)
  4 skeletal warriors
  15 deep trolls
  9 naga ritualists
  16 sea snakes
  3 lindwurms
  3 wizards
  3 deep elf pyromancers
  A deep elf archer (D:13)
  An iron giant skeleton (Abyss:2)
  11 mana vipers
  10 harpies
  A necromancer (D:15)
  A wolf spider (D:15)
  8 ironbound convokers
  3 orc knights
  10 ugly things
  19 fauns
  4 cyclopes
  A worldbinder (Abyss:2)
  14 manticores
  11 salamanders
  13 merfolk sirens
  35 black mambas
  A smoke demon (Abyss:2)
  8 water nymphs
  8 guardian serpents
  An elephant (Lair:5)
  9 vault sentinels
  3 unseen horrors
  2 gargoyles
  A torpor snail (Lair:1)
  11 cane toads
  6 rime drakes
  Psyche (D:9)
  15 naga magi
  4 kobold demonologists
  11 yaktaurs
  3 hellwings (Abyss:2)
  2 efreet
  8 komodo dragons
  An ancient zyme (Abyss:2)
  3 tengu conjurers
  5 trolls
  21 merfolk
  4 hornets
  5 polar bears
  3 wind drakes (Shoals:4)
  13 blink frogs
  27 slime creatures
  10 snapping turtles
  8 dream sheep
  A centaur simulacrum (D:15)
  7 water elementals
  83 yaks
  A shadow (D:11)
  A flying skull (Abyss:2)
  4 wraiths
  7 wyverns
  2 hogs
  Eustachio (D:6)
  2 ynoxinuls (Abyss:2)
  2 basilisks
  A fire elemental (Volcano)
  6 vampire mosquitoes
  A steam dragon (Lair:5)
  4 large abominations (Abyss:2)
  A chaos spawn (Abyss:2)
  A neqoxec (Abyss:2)
  5 humans (D:12)
  3 redbacks
  32 nagas
  An acid dragon (D:11)
  5 hell hounds (Abyss:2)
  20 water moccasins
  7 wargs
  9 orc warriors
  2 ice beasts (D:7)
  3 sky beasts
  A sky beast (shapeshifter) (D:13)
  5 black bears
  8 centaurs
  2 ogres
  8 wolves
  4 boggarts (D:13)
  A phantom (D:4)
  2 kobold brigands
  22 bullfrogs
  2 gnoll sergeants
  2 scorpions
  2 earth elementals (Volcano)
  13 wights
  3 small abominations (Abyss:2)
  4 killer bees (D:8)
  3 electric eels
  3 howler monkeys (D:9)
  A starcursed mass (Abyss:2)
  4 hounds
  2 gnoll boudas
  6 orc priests
  3 iguanas
  18 orc wizards
  15 gnolls
  12 adders
  4 shadow imps
  4 white imps
  A worm (D:11)
  2 dart slugs
  40 orcs
  9 ball pythons
  2 bats (D:2)
  9 endoplasms
  4 giant cockroaches
  9 goblins
  5 hobgoblins
  10 jackals
  A quokka (D:1)
  A frilled lizard (D:3)
  9 kobolds
  4 rats
998 creatures vanquished.

Vanquished Creatures (others)
  3 manticores
  A boggart (Vaults:1)
  33 fungi
  296 plants
  7 starspawn tentacles (Abyss:2)
340 creatures vanquished.

Grand Total: 1338 creatures vanquished

Notes
Turn   | Place    | Note
-------+----------+-------------------------------------------
     0 | D:1      | EvilAshe the Human Fighter began the quest for the Orb.
     0 | D:1      | Reached XP level 1. HP: 18/18 MP: 1/1
   127 | D:1      | Reached XP level 2. HP: 21/24 MP: 2/2
   334 | D:1      | Found Dadyimoesk's Assorted Antiques.
   469 | D:1      | Found a faded altar of an unknown god.
  1002 | D:1      | Reached XP level 3. HP: 25/29 MP: 3/3
  1179 | D:2      | Found a bloodstained altar of Trog.
  1209 | D:2      | Identified the +4 ring mail "Xaejeng" {-Cast rF+ rC+}
  1367 | D:2      | Found Tidacoaf's Assorted Antiques.
  1971 | D:3      | Reached XP level 4. HP: 36/36 MP: 4/4
  2409 | D:3      | Reached XP level 5. HP: 42/42 MP: 5/5
  3325 | D:3      | Reached XP level 6. HP: 35/48 MP: 6/6
  3515 | D:4      | Reached skill level 5 in Long Blades
  3747 | D:4      | Noticed a water moccasin
  3762 | D:4      | Killed a water moccasin
  3763 | D:4      | Reached XP level 7. HP: 45/55 MP: 7/7
  4236 | D:5      | Entered Level 5 of the Dungeon
  4354 | D:5      | Reached skill level 5 in Fighting
  4644 | D:4      | Reached XP level 8. HP: 62/62 MP: 8/8
  5601 | D:6      | Noticed Eustachio
  5709 | D:6      | Found a staircase to the Ecumenical Temple.
  5725 | Temple   | Entered the Ecumenical Temple
  5805 | Temple   | Became a worshipper of Warmaster Okawaru
  5982 | D:6      | Noticed a wraith
  6183 | D:6      | Killed Eustachio
  6340 | D:6      | Reached skill level 5 in Armour
  6734 | D:6      | Reached XP level 9. HP: 69/69 MP: 9/9
  7159 | D:6      | Reached * piety under Okawaru
  7929 | D:7      | Identified the +4 dagger "Ojofof" {vorpal, rCorr}
  7976 | D:7      | Found an opulent altar of Gozag.
  8071 | D:7      | Reached ** piety under Okawaru
  8327 | D:7      | Reached XP level 10. HP: 68/78 MP: 10/10
  8629 | D:8      | Reached skill level 10 in Long Blades
 10114 | D:9      | Reached *** piety under Okawaru
 10115 | D:9      | Reached skill level 1 in Invocations
 10316 | D:9      | Identified the +5 long sword "Huobugus" {vorpal, rN+ Dex+3}
 11016 | D:9      | Reached **** piety under Okawaru
 11017 | D:9      | Reached XP level 11. HP: 85/87 MP: 12/12
 11485 | D:9      | Found a staircase to the Lair.
 11575 | D:9      | Noticed Psyche
 11593 | D:9      | Killed Psyche
 11835 | D:10     | Entered Level 10 of the Dungeon
 11851 | D:9      | Reached ***** piety under Okawaru
 12344 | D:10     | Noticed an ogre mage
 12351 | D:10     | Killed an ogre mage
 12671 | D:10     | Found a staircase to the Orcish Mines.
 12770 | D:10     | Received a gift from Okawaru
 12903 | D:10     | Reached skill level 5 in Invocations
 13282 | D:10     | Reached XP level 12. HP: 76/96 MP: 15/15
 14258 | D:11     | Found a snail-covered altar of Cheibriados.
 14416 | D:11     | Received a gift from Okawaru
 14506 | D:11     | Reached skill level 10 in Fighting
 15440 | D:12     | Noticed a boulder beetle
 15461 | D:12     | Killed a boulder beetle
 15737 | D:13     | Noticed a vault guard
 15738 | D:13     | Noticed a vault guard
 15781 | D:12     | Noticed Kirke
 15993 | D:13     | Noticed a five-headed hydra
 16079 | D:12     | Noticed Rupert
 16187 | D:13     | Noticed a centaur warrior
 16372 | D:12     | Noticed Nergalle
 16383 | Arena    | Entered the Arena
 16395 | Arena    | Killed Nergalle
 16675 | D:12     | Reached skill level 1 in Evocations
 17172 | Lair:1   | Entered Level 1 of the Lair of Beasts
 17204 | Lair:1   | Reached XP level 13. HP: 104/104 MP: 18/18
 17212 | Lair:1   | Reached skill level 10 in Armour
 17299 | Lair:1   | Noticed an eight-headed hydra
 17725 | Lair:2   | Found a staircase to the Snake Pit.
 17832 | Lair:2   | Found a runed translucent door.
 17832 | Lair:2   | Noticed dunno567's ghost (journeyman MeCj)
 18238 | Lair:2   | Received a gift from Okawaru
 18417 | Lair:2   | Identified the +1 leather armour "Jouhi" {Fly Regen+ Int-5
                  | Dex+4}
 18543 | Lair:2   | Noticed Erica
 18632 | Lair:2   | Killed Erica
 19640 | Lair:1   | Killed a one-headed hydra
 19849 | Lair:1   | Received a gift from Okawaru
 20095 | Lair:1   | Reached skill level 5 in Evocations
 20181 | Lair:1   | Found a runed translucent gate.
 20181 | Lair:1   | Found a runed translucent gate.
 20181 | Lair:1   | Found a runed translucent gate.
 20186 | Lair:1   | Noticed windycow's ghost (journeyman TrBe)
 20186 | Lair:1   | Noticed mtoz's ghost (journeyman DECj)
 20799 | Lair:3   | Identified the +5 chain mail of Twilight {Rampage +Inv
                  | Dex-3 Slay-3}
 20820 | Lair:3   | Noticed a catoblepas
 20834 | Lair:3   | Killed a catoblepas
 21089 | Lair:3   | Noticed Snorg
 21106 | Lair:3   | Killed Snorg
 21141 | Lair:3   | Noticed a four-headed hydra
 21150 | Lair:3   | Killed a one-headed hydra
 21319 | Lair:3   | Found a dark tunnel.
 21328 | Volcano  | Entered a volcano
 21347 | Volcano  | Noticed a stone giant
 21361 | Volcano  | Killed a stone giant
 21361 | Volcano  | Received a gift from Okawaru
 21362 | Volcano  | Reached XP level 14. HP: 64/114 MP: 18/20
 22113 | Lair:3   | Found a staircase to the Shoals.
 23061 | Lair:4   | Reached skill level 10 in Invocations
 23969 | Lair:5   | Entered Level 5 of the Lair of Beasts
 25456 | Lair:5   | Reached ****** piety under Okawaru
 25464 | Lair:5   | Received a gift from Okawaru
 25471 | Lair:5   | Reached XP level 15. HP: 95/122 MP: 23/23
 26502 | Lair:5   | Found the +3 robe of Clouds {*Thunder rCloud rElec}
 26517 | Arena    | Entered the Arena
 26694 | Lair:5   | Reached XP level 16. HP: 131/131 MP: 24/24
 26811 | Lair:5   | Found a staircase to the Slime Pits.
 26812 | Lair:5   | Found a viscous altar of Jiyva.
 27269 | D:12     | Noticed Aryth's ghost (journeyman TrGl)
 27280 | D:12     | Found a runed translucent door.
 27311 | D:11     | Killed Kirke
 27371 | D:12     | Learned a level 3 spell: Swiftness
 27821 | D:12     | Killed Rupert
 27822 | D:12     | Reached skill level 1 in Air Magic
 27963 | D:12     | Killed Aryth's ghost
 28157 | D:13     | Noticed Frances
 28175 | D:13     | Killed Frances
 28175 | D:13     | Identified the +4 ring mail of Ilimi {Drain Str+7} (Okawaru
                  | gifted it to you on level 13 of the Dungeon)
 28175 | D:13     | Received a gift from Okawaru
 28544 | D:13     | Noticed Sonja
 28551 | D:13     | Killed Sonja
 29670 | D:13     | Found a gate to the Vaults.
 32607 | D:15     | Entered Level 15 of the Dungeon
 32717 | D:15     | Reached skill level 5 in Air Magic
 33209 | D:15     | Noticed Agnes
 33225 | D:15     | Killed Agnes
 33395 | D:15     | Found Risuinytz's General Store.
 33404 | D:15     | Bought a scroll of enchant armour for 97 gold pieces
 33426 | D:15     | Found Jugipeck's Jewellery Boutique.
 33504 | D:15     | Bought the amulet of Edwarchoh {Reflect rC+ SH+5} for 792
                  | gold pieces
 33566 | D:15     | Reached XP level 17. HP: 111/140 MP: 25/25
 33692 | D:15     | Found Xaoclong's Book Shop.
 33728 | D:15     | Found Hiel's General Store.
 33794 | D:15     | Bought a potion of might for 60 gold pieces
 33794 | D:15     | Bought a scroll of enchant weapon for 112 gold pieces
 34067 | D:15     | Found a staircase to the Depths.
 34626 | Snake:1  | Entered Level 1 of the Snake Pit
 34649 | Snake:1  | Found Ivel's Antique Weapon Boutique.
 35538 | D:2      | Bought a potion of resistance for 230 gold pieces
 35538 | D:2      | Bought a potion of curing for 69 gold pieces
 35538 | D:2      | Bought a potion of resistance for 230 gold pieces
 35538 | D:2      | Bought a scroll of teleportation for 69 gold pieces
 36074 | Snake:1  | Received a gift from Okawaru
 36727 | Snake:2  | Found Ladosh's Vocational Training.
 36840 | Snake:2  | Reached skill level 15 in Fighting
 39177 | Snake:2  | Noticed Nikola
 39226 | Snake:2  | Killed Nikola
 39227 | Snake:2  | Reached skill level 15 in Armour
 39547 | Snake:2  | Noticed Aizul
 39705 | Snake:2  | Found Reliysapp's Weapon Shoppe.
 40192 | Snake:2  | Killed Aizul
 41232 | Snake:3  | Reached skill level 5 in Shields
 41794 | Snake:3  | Reached XP level 18. HP: 133/149 MP: 26/26
 41950 | Snake:3  | Received a gift from Okawaru
 42468 | Snake:3  | Found Issov's Jewellery Shoppe.
 42469 | Snake:3  | Found Soibagus's Book Boutique.
 42469 | Snake:3  | Found Amyg Ged's Book Boutique.
 42860 | Snake:3  | Identified the +2 leather armour of Hadjma {Str+6}
 43124 | Snake:4  | Entered Level 4 of the Snake Pit
 43163 | Snake:4  | Found a glowing golden altar of the Shining One.
 43683 | Snake:4  | Found Cayrphon's Weapon Boutique.
 45717 | Snake:4  | Noticed Vashnia
 46029 | Snake:4  | Killed Vashnia
 46720 | Snake:4  | Got a serpentine rune of Zot
 46985 | Shoals:1 | Entered Level 1 of the Shoals
 47275 | Lair:3   | Received a gift from Okawaru
 49000 | Shoals:1 | Reached skill level 10 in Air Magic
 49231 | Shoals:1 | Identified a scroll of acquirement
 49231 | Shoals:1 | Acquired a +3 double sword of electrocution
 49551 | Shoals:2 | Reached XP level 19. HP: 143/159 MP: 27/27
 50398 | Shoals:2 | Received a gift from Okawaru
 52284 | Shoals:3 | Noticed Ilsuiw
 52310 | Shoals:3 | Found Pibro's Visitors' Centre.
 52324 | Shoals:3 | HP: 6/159 [drowned by a water nymph (13)]
 53034 | Shoals:3 | Killed Ilsuiw
 53283 | Shoals:3 | Found Pibro's Merfolk Magic.
 53284 | Shoals:3 | Found Pibro's Merfolk Weapons.
 53284 | Shoals:3 | Found Pibro's Merfolk Armours.
 53287 | Shoals:3 | Bought a scroll of teleportation for 300 gold pieces
 53574 | Shoals:4 | Entered Level 4 of the Shoals
 54562 | Shoals:4 | Got a barnacled rune of Zot
 54795 | Shoals:4 | Noticed Polyphemus
 56157 | Shoals:4 | Found Didwa Suu's General Store.
 56161 | Shoals:4 | Found Podot's Specific Store.
 56474 | Shoals:4 | Killed Polyphemus
 57097 | Vaults:1 | Entered Level 1 of the Vaults
 57562 | Vaults:1 | Reached XP level 20. HP: 137/167 MP: 28/28
 57664 | Vaults:1 | Identified the +1 plate armour "Gavic" {Str+4 Dex+4}
 58031 | Vaults:1 | Reached skill level 10 in Shields
 58740 | Vaults:1 | Identified the +4 quarterstaff of Proximity {drain, rPois}
 58778 | Vaults:1 | Identified the +3 ring mail of Mookia Fiomi {+Inv Regen+
                  | rCorr}
 58827 | Vaults:1 | Found Votecoh's Antique Weapon Boutique.
 58851 | Vaults:1 | Found Yka Pukec's Antique Weapon Shoppe.
 58882 | Vaults:1 | Found Vib Bada's Armour Shoppe.
 58913 | Vaults:1 | Bought a +2 pair of boots of rampaging for 365 gold pieces
 59051 | Vaults:1 | Found Lual's Weapon Boutique.
 59253 | Vaults:1 | Found Evveun's Armour Shop.
 59583 | Vaults:1 | Received a gift from Okawaru
 60232 | Vaults:2 | Found Yvihaj's Book Shop.
 60286 | Vaults:2 | Found Maxinin's Jewellery Emporium.
 60992 | Abyss:2  | Cast into level 2 of the Abyss (ironbound preserver)
 60993 | Abyss:2  | Found a corrupted altar of Lugonu.
 61568 | Abyss:2  | Identified the +8 great sword of the Destroying Owl {speed,
                  | rCorr Str+6} (Okawaru gifted it to you on level 2 of the
                  | Abyss)
 61568 | Abyss:2  | Received a gift from Okawaru
 61858 | Abyss:2  | Paralysed by accursed screaming for 1 turns
 61862 | Abyss:2  | Paralysed by accursed screaming for 2 turns
 61867 | Abyss:2  | Killed from afar by a starcursed mass

Illustrated notes

Levels and vault maps discovered:
D:1:      minmay_arrival_five_plusses, layout_basic, serial_shops,
          nicolae_shop_trees, basic_ecumenical_altar, minmay_tromino_i4
D:2:      layout_loops_ring, basic_altar, serial_shops, shop_statue
D:3:      layout_basic, kennysheep_cross_room, minmay_statues_item
D:4:      layout_loops_cross
D:5:      layout_basic, grunt_ministairs_14, nicolae_sextant
D:6:      layout_loops_ring, minmay_temple_entry_mist, uniq_eustachio
D:7:      layout_basic, amcnicky_altar_gilded
D:8:      layout_loops_ring
D:9:      nicolae_BIG_FREAKIN_CUBE, layout_cave_pools,
          erik_lair_orcish_takeover, uniq_psyche
D:10:     wad_woods_structure_01, layout_basic, orc_0_dummy
D:11:     layout_loops_ring, chei_slow_surprise
D:12:     layout_loops_ring, hellmonk_ghost_happy_afterlife,
          serial_bayou_lagoon_a, uniq_rupert, uniq_kirke, uniq_nergalle
D:13:     layout_layer_cave, grunt_vaults_entry_fortified,
          dreamdust_princess_bridge, kennysheep_dice, uniq_frances, uniq_sonja
D:14:     layout_cross, kennysheep_minor_cross, nooodl_orcs_dogs
D:15:     hangedman_depths_entry_civil_slaughter, layout_cave_pools,
          chequers_serial_rivers_micro_d, serial_shops,
          nicolae_shop_advertising_works [nicolae_subvault_shop_adworks],
          shop_statue, nicolae_shop_crystal, nicolae_diamond_shop, uniq_agnes
Temple:   mainiacjoe_temple_archimedes_tessellation
Lair:1:   layout_misc_corridors, gammafunk_ghost_cemetery, lemuel_fruit_fields
Lair:2:   layout_cave_pods, minmay_snake_entry_six_corridors,
          ebering_ghost_inner_flame, grunt_megastairs_4, uniq_erica
Lair:3:   layout_loops_ring, minmay_shoals_entry_lonely_mermaid,
          gauntlet_entry_generic, nicolae_volcano_entry_hallway,
          chequers_serial_rivers_micro_c, cheibrodos_lair_reptile_den,
          uniq_snorg
Lair:4:   layout_cave_pods, fungi_pond_lemuel
Lair:5:   gammafunk_lair_ancient_temple, layout_cave_pods, slime_entry_1,
          infiniplex_staircase_pool_2
Shoals:1: layout_shoals
Shoals:2: layout_shoals
Shoals:3: nicolae_shoals_mermall, layout_shoals, uniq_ilsuiw
Shoals:4: shoals_end_grunt_garden, layout_shoals, nicolae_specific_store,
          uniq_polyphemus
Snake:1:  layout_misc_corridors, serial_shops, nicolae_shop_crystal,
          guppyfry_library_mini, lemuel_fruit_tree
Snake:2:  layout_misc_corridors, special_room, serial_shops,
          nicolae_square_shop, nicolae_shop_vocational, serial_bayou_shore_a,
          uniq_aizul, uniq_nikola
Snake:3:  layout_honeycomb, minmay_shop_grove
Snake:4:  grunt_snake_rune_serpentine_throne, layout_cave_pods, basic_altar,
          statue_in_the_mist_lemuel, minmay_shop_star
Vaults:1: vaults_dpeg_diagonal, v_alt_pattern_6, v_rooms_4, grunt_vaults_focal,
          hangedman_vaults_restitches, vaults_room_corners, v_rooms_3,
          grunt_vaults_hallway_long, v_rooms_1, ontoclasm_vaults_bender,
          layout_vaults_maze, serial_shops,
          nicolae_shop_temple_entry_statues_fountains,
          nicolae_shop_competitors_out_of_business, shop, shop,
          nicolae_shop_hallway_stairs
Vaults:2: st_cross, v_misc_29, dpeg_vaults_monster_box, blue_anna_dwarven_crypt,
          nicolae_vaults_asterisk, vaults_room_stairs_pillars,
          hangedman_vaults_river_flow, vaults_dpeg_ring, layout_vaults_omnigrid,
          serial_shops, shop, nicolae_shop_behind_doors, nicolae_lakefront_shop,
          nicolae_shop_crystal, nicolae_shop_behind_doors
Abyss:2:  base: D:8, guppyfry_abyss_exit_glass_guarded, evilmike_abyss_exit_3,
          hangedman_abyss_mock_shop

Skill      XL: |  1  2  3  4  5  6  7  8  9 10 11 12 13 14 15 16 17 18 19 20 |
---------------+-------------------------------------------------------------+-----
Long Blades    | 3 4 5 6 8 9 11 12 14 | 14.0
Fighting       | 4 5 6 7 8 9 10 11 12 13 14 15 16 17 | 17.9
Armour         | 4 5 6 7 8 9 11 12 14 15 16 17 | 17.7
Invocations    | 2 5 7 9 10 11 | 11.8
Evocations     | 1 5 7 8 9 |  9.6
Air Magic      | 5 8 10 11 12 | 12.6
Shields        | 5 7 9 11 | 11.0

Action                   |  1- 3 |  4- 6 |  7- 9 | 10-12 | 13-15 | 16-18 | 19-21 || total
-------------------------+-------+-------+-------+-------+-------+-------+-------++-------
Melee: Long sword        |   113 |   203 |   403 |   738 |   937 |   896 |       ||  3290
       Unarmed           |       |       |       |     9 |       |     3 |       ||    12
       Scimitar          |       |       |       |       |    54 |   917 |       ||   971
       Double sword      |       |       |       |       |       |    42 |   106 ||   148
       Demon blade       |       |       |       |       |       |       |  1832 ||  1832
Throw: Dart              |       |     7 |    35 |    48 |    94 |    97 |    52 ||   333
       Boomerang         |       |       |     7 |       |       |       |       ||     7
       Javelin           |       |       |       |       |       |     5 |       ||     5
Invok: Heroism           |       |       |       |     3 |    10 |    27 |    14 ||    54
       Finesse           |       |       |       |     2 |     3 |    16 |    11 ||    32
       Duel              |       |       |       |     1 |     1 |       |       ||     2
 Abil: Evoke Invisibilit |       |       |       |       |       |       |     1 ||     1
Evoke: Wand              |       |       |     6 |     1 |     1 |     6 |     7 ||    21
  Use: Scroll            |       |     8 |    10 |    12 |     4 |     8 |    12 ||    54
       Potion            |       |       |     2 |     5 |     1 |     4 |     6 ||    18
 Stab: Invisible         |       |       |       |     1 |       |       |       ||     1
       Distracted        |       |       |       |       |     1 |       |       ||     1
Armor: Scale mail        |    48 |       |       |       |       |       |       ||    48
       Ring mail         |    21 |    71 |       |       |       |       |       ||    92
       Gold dragon scale |       |    17 |   224 |   322 |   418 |   860 |   823 ||  2664
Dodge: Dodged            |    62 |   113 |    37 |   105 |   145 |   205 |   177 ||   844
       Repelled          |       |       |       |       |       |     4 |     4 ||     8
Block: Buckler           |    29 |    51 |   176 |   286 |   387 |   341 |       ||  1270
       Reflection        |       |       |     2 |    10 |     5 |   117 |   136 ||   270
       Other             |       |       |       |     5 |       |       |       ||     5
       Kite shield       |       |       |       |       |       |   578 |       ||   578
       Tower shield      |       |       |       |       |       |   269 |  1617 ||  1886
